AoeStats
← Lance

Arabia

510809809Analyzed
1v1 RM · 20h ago on Oct 2, 2026· 69m 41s· 2 players
Game mode
Random Map
Map size
Tiny (2 player)
Population
200
Speed
Normal
Resources
Standard
Victory
Conquest
Starting age
Dark Age
Ending age
Imperial Age
RankedLock teamsTeams togetherTeam positionsShared explorationLock speedFull tech treeHidden civsTurbo modeCheats
Victory
Defeat
🇹🇼 Bengalis · Taiwan
907
+15
🇩🇪 Dravidians · Germany
884
-15
Lance
7:56 Loom
10:09 Feudal Age
10:40 Double-Bit Axe
10:38 Horse Collar
13:37 Wheelbarrow
16:07 Fletching
20:25 Castle Age
21:19 Bow Saw
21:16 Heavy Plow
21:08 Gold Mining
21:29 Husbandry
21:37 Scale Barding Armor
21:45 Forging
23:04 Fletching
28:03 Hand Cart
35:09 Elite Skirmisher
38:43 Imperial Age
40:07 Thumb Ring
39:56 Elite Elephant Archer
43:04 Bodkin Arrow
43:11 Padded Archer Armor
47:23 Ballistics
54:08 Bracer
60:40 Chain Barding Armor
61:30 Chemistry
63:17 Siege Elephant
Scan
8:21 Loom
10:56 Feudal Age
14:56 Double-Bit Axe
15:04 Horse Collar
20:08 Castle Age
21:48 Bow Saw
21:43 Heavy Plow
22:01 Man-at-Arms
29:19 Scale Barding Armor
29:06 Fletching
29:24 Scale Barding Armor
29:47 Pikeman
32:27 Squires
35:21 Scale Mail Armor
35:42 Forging
36:29 Bloodlines
36:20 Husbandry
35:52 Light Cavalry
37:30 Chain Barding Armor
37:46 Iron Casting
38:35 Wheelbarrow
42:24 Imperial Age
40:14 Hand Cart
42:03 Chain Mail Armor
49:12 Crop Rotation
49:50 Two-Man Saw
51:49 Halberdier
53:02 Arson
54:11 Siege Elephant
57:11 Blast Furnace
56:21 Bodkin Arrow
57:11 Plate Barding Armor
61:26 Elite Skirmisher
62:08 Bodkin Arrow
62:13 Padded Archer Armor
64:46 Chemistry
64:06 Ballistics
64:50 Chemistry
64:05 Masonry
64:33 Bracer
Connection lost

Rejoining the realm…

Still unreachable

The connection could not be restored.

Session expired

The server has moved on; the page needs a fresh start.